Map: Romanticide LE

Players

ViBE

  • Race: Zerg Zerg
  • League: Diamond

dootlebob - Winner!

  • Race: Terran Terran
  • League: Diamond

VOD

Have the link to the VOD?

Description

Time

  • Played on: April 18, 2021, 7:03 p.m.
  • Length: 20:16
Show
View Real Time Build Order
Export as new Build Order

ViBE Zerg 

Build Orders: Hatch First, Lurkers 

Get SALT Encoding   

  12  0:01  Drone  
  13  0:13  Overlord  
  13  0:23  Drone  
  14  0:35  Drone x2  
  16  0:38  Drone  
  17  0:55  Hatchery  
  16  0:58  Drone x2  
  18  1:12  Extractor  
  18  1:14  Spawning Pool  
  18  1:18  Drone  
  17  1:20  Drone  
  18  1:28  Drone  
  19  1:41  Drone  
  20  1:51  Overlord  
  20  2:06  Queen  
  20  2:07  Queen  
  25  2:08  Zergling x4  
  25  2:14  Drone, Metabolic Boost  
  27  2:20  Drone  
  28  2:32  Extractor, Drone x2  
  30  2:38  Hatchery  
  30  2:41  Extractor  
  28  2:44  Spore Crawler  
  29  2:52  Drone  
  29  2:55  Drone x4  
  34  3:01  Overlord  
  34  3:10  Spore Crawler  
  34  3:21  Drone x5  
  34  3:23  Queen  
  41  3:37  Drone x2  
  41  3:38  Drone  
  44  3:44  Overlord  
  44  3:47  Overlord  
  44  3:51  Queen  
  44  3:54  Drone x4  
  50  4:04  Queen  
  50  4:05  Baneling Nest  
  51  4:12  Drone x8  
  59  4:23  Drone x7  
  66  4:27  Overlord  
  66  4:39  Overlord x2  
  67  4:46  Roach Warren  
  67  4:50  Lair  
  67  4:52  Overlord x2  
  66  4:57  Queen x2  
  70  5:02  Drone x5  
  70  5:03  Drone x6, Hatchery  
  80  5:07  Extractor x2  
  80  5:13  Extractor  
  77  5:15  Extractor  
  77  5:16  Extractor  
  75  5:25  Overlord  
  75  5:26  Roach x6  
  87  5:32  Roach  
  87  5:33  Overlord, Roach  
  90  5:39  Overlord x2  
  89  5:48  Drone  
  89  5:49  Drone x4  
  94  5:50  Drone x2  
  94  5:53  Glial Reconstitution  
  94  5:54  Overlord  
  96  6:13  Roach  
  96  6:14  Roach x12  
  122  6:24  Roach x2  
  126  6:43  Drone x8  
  126  6:46  Drone  
  126  6:47  Drone  
  136  7:00  Overlord x7  
  136  7:01  Overlord  
  136  7:19  Overseer  
  136  7:22  Roach x8  
  158  7:23  Roach x3  
  158  7:34  Drone  
  158  7:35  Drone x9  
  168  7:42  Roach x6  
  180  8:02  Hatchery  
  177  8:08  Drone x2  
  177  8:10  Extractor  
  177  8:11  Roach x11  
  177  8:12  Extractor  
  199  8:13  Drone  
  196  8:58  Infestation Pit  
  196  9:00  Evolution Chamber  
  196  9:01  Evolution Chamber  
  115  9:11  Roach  
  115  9:12  Roach x20  
  115  9:16  Roach x9  
  155  9:19  Roach  
  157  9:25  Roach  
  157  9:26  Roach  
  161  9:32  Roach x6  
  161  9:35  Hatchery  
  172  9:41  Roach x4  
  172  9:42  Overlord  
  172  9:44  Roach x5  
  192  9:47  Overlord  
  192  9:48  Overlord  
  186  10:09  Roach  
  186  10:10  Roach x8  
  146  10:37  Roach x10  
  146  10:38  Roach x4  
  172  10:45  Zerg Missile Weapons Level 1  
  172  10:46  Zerg Melee Weapons Level 1, Hive  
  166  10:51  Drone, Hydralisk Den  
  150  11:01  Drone x2  
  150  11:02  Drone x2  
  130  11:04  Roach x10  
  130  11:05  Roach  
  150  11:12  Hatchery  
  149  11:18  Roach x3  
  149  11:19  Roach x11  
  149  11:22  Drone  
  149  11:23  Roach  
  149  11:24  Roach x3  
  184  11:38  Roach x8  
  198  11:52  Spore Crawler  
  198  11:53  Drone  
  198  11:54  Roach  
  200  12:00  Grooved Spines  
  200  12:03  Lurker Den  
  200  12:04  Drone  
  190  12:42  Hydralisk  
  190  12:43  Hydralisk x11  
  190  12:44  Hydralisk x4  
  200  12:45  Hydralisk  
  200  12:48  Hydralisk x4  
  200  12:49  Hydralisk x2  
  196  12:52  Zerg Melee Weapons Level 2, Zerg Missile Weapons Level 2  
  142  13:06  Hydralisk x13  
  142  13:07  Hydralisk x4  
  142  13:08  Hatchery  
  142  13:11  Muscular Augments  
  142  13:12  Hydralisk x2  
  157  13:13  Hydralisk x5  
  157  13:18  Lurker x10  
  177  13:21  Adaptive Talons  
  177  13:34  Zergling x2  
  177  13:35  Zergling x22  
  176  13:52  Zergling x2  
  176  13:53  Zergling x20  
  181  14:09  Hydralisk x9  
  185  14:11  Zergling x2  
  198  14:33  Extractor  
  198  14:34  Hatchery, Extractor  
  198  14:35  Extractor  
  198  14:37  Extractor  
  129  14:47  Hydralisk x15  
  129  15:02  Drone x10  
  139  15:23  Hatchery  
  139  15:24  Drone  
  139  15:25  Drone x5  
  144  15:31  Overseer x2  
  144  15:33  Hatchery  
  142  16:04  Lurker x5  
  143  16:05  Lurker x2  
  149  16:26  Hydralisk  
  149  16:27  Hydralisk x15  
  149  16:32  Drone x4  
  185  16:33  Drone  
  185  16:35  Drone  
  185  16:36  Drone  
  188  16:41  Queen  
  188  16:43  Drone x3  
  188  16:44  Drone  
  186  17:09  Drone x3  
  186  17:10  Drone x7  
  196  17:32  Spore Crawler  
  196  17:33  Spine Crawler  
  196  17:34  Spine Crawler  
  196  17:35  Spore Crawler  
  196  17:36  Spine Crawler  
  191  17:37  Spore Crawler  
  191  17:38  Spine Crawler  
  191  17:41  Spine Crawler x2  
  191  17:43  Spore Crawler  
  186  17:44  Spine Crawler  
  186  17:46  Spine Crawler, Spore Crawler  
  186  17:48  Spine Crawler x2  
  186  17:51  Drone x2, Spine Crawler  
  180  17:54  Drone x7  
  180  17:55  Drone x5, Spine Crawler  
  180  17:56  Spore Crawler  
  180  17:57  Spine Crawler  
  180  17:58  Spine Crawler  
  190  17:59  Drone x2, Spore Crawler  
  131  18:35  Hydralisk  
  131  18:36  Hydralisk x16  
  114  18:58  Hydralisk x2  
  114  18:59  Hydralisk x6  
  130  19:04  Hatchery  
  130  19:08  Zergling x16  
  130  19:09  Zergling x2  
  126  19:26  Zergling x26  
  89  19:42  Hydralisk x4  
Show
View Real Time Build Order
Export as new Build Order

dootlebob Terran - Winner!

Build Orders: 2 Factory, Reaper Expand, Mech 

Get SALT Encoding   

  12  0:00  SCV  
  13  0:12  SCV  
  14  0:18  Supply Depot  
  14  0:24  SCV  
  15  0:40  SCV  
  15  0:41  Barracks  
  16  0:47  Refinery  
  16  0:52  SCV  
  17  1:04  SCV  
  18  1:16  SCV  
  19  1:28  Orbital Command  
  19  1:31  Reaper  
  20  1:44  Command Center  
  20  1:56  SCV  
  20  1:57  Supply Depot  
  21  2:04  Barracks Reactor  
  21  2:11  SCV  
  21  2:12  Refinery  
  22  2:26  Factory  
  22  2:39  SCV  
  23  2:51  SCV, Marine x2  
  26  3:00  Command Center  
  26  3:01  Orbital Command  
  26  3:17  SCV  
  26  3:18  Factory Tech Lab  
  27  3:25  Factory  
  27  3:28  SCV  
  27  3:29  SCV  
  29  3:39  Siege Tank  
  29  3:40  SCV, Supply Depot  
  32  3:52  SCV x2  
  34  3:57  Factory  
  34  4:02  Infernal Pre-Igniter, Supply Depot  
  34  4:05  Marine  
  35  4:10  SCV x2, Supply Depot  
  37  4:21  Orbital Command  
  37  4:22  SCV  
  38  4:28  Hellion x2  
  42  4:41  SCV x2  
  42  4:43  Hellion  
  42  4:44  Factory Tech Lab  
  46  4:50  SCV  
  47  4:53  SCV x2, Armory  
  47  4:55  Refinery  
  47  4:57  Refinery  
  49  5:02  SCV  
  49  5:03  Hellion  
  49  5:05  SCV  
  49  5:06  Hellion  
  55  5:13  Siege Tank  
  58  5:14  SCV  
  58  5:16  SCV  
  60  5:21  SCV  
  60  5:26  SCV  
  60  5:28  SCV, Hellion x2  
  65  5:44  Siege Tank  
  65  5:45  SCV  
  65  5:46  SCV x2  
  65  5:47  Terran Vehicle Weapons Level 1  
  71  5:52  Starport x2  
  71  5:53  Hellion x2  
  71  5:55  Orbital Command  
  75  6:00  Siege Tank  
  75  6:03  SCV x2  
  80  6:14  Hellion  
  80  6:15  Refinery  
  82  6:19  Refinery  
  82  6:21  Factory  
  82  6:22  Factory  
  82  6:24  SCV x3  
  85  6:32  Hellion  
  85  6:33  Supply Depot  
  85  6:34  Supply Depot  
  85  6:39  Hellion  
  83  6:52  Supply Depot  
  83  6:53  Supply Depot x2  
  83  6:54  Starport Tech Lab, Starport Reactor  
  83  6:55  Armory, Siege Tank  
  86  7:01  SCV  
  86  7:02  SCV x2  
  86  7:07  Factory Tech Lab, Factory Reactor  
  89  7:14  SCV x2, Hellion x2, Siege Tank  
  89  7:15  SCV  
  99  7:21  Viking, Supply Depot x2  
  99  7:22  Supply Depot  
  101  7:26  SCV  
  102  7:45  Hellion x2  
  102  7:46  Thor x2  
  102  7:49  SCV x2  
  102  7:50  SCV  
  121  7:51  Viking  
  121  8:08  Siege Tank  
  121  8:09  Hellion x4  
  128  8:20  Viking  
  128  8:22  Raven  
  128  8:23  SCV  
  128  8:24  SCV x2  
  135  8:28  Terran Vehicle Weapons Level 2  
  135  8:29  Widow Mine, Terran Ship Weapons Level 1, Siege Tank  
  135  8:30  Hellion x2  
  141  8:46  SCV x2  
  141  8:47  SCV  
  138  8:58  SCV  
  138  8:59  Siege Tank x2  
  138  9:00  Hellion x4  
  138  9:02  Hellion  
  138  9:16  Liberator x3  
  144  9:21  Hellion x2  
  148  9:30  Hellion x2, Siege Tank  
  155  9:31  Siege Tank, Supply Depot x2  
  155  9:37  Command Center  
  160  9:46  Hellion x3  
  160  9:52  Hellion x2  
  166  10:02  Liberator x3  
  162  10:11  Hellion x3, Siege Tank x2  
  145  10:23  Fusion Core  
  133  10:29  Hellion x2  
  133  10:32  Siege Tank  
  111  10:43  SCV x3, Siege Tank  
  111  10:44  Hellion, Siege Tank  
  111  10:45  Hellion  
  116  10:55  SCV  
  113  10:57  Hellion x2  
  113  11:05  Siege Tank  
  113  11:06  Refinery, Hellion x2  
  120  11:12  Advanced Ballistics  
  120  11:15  Siege Tank  
  120  11:16  Hellion  
  120  11:17  SCV x3  
  128  11:32  Orbital Command  
  128  11:33  SCV x2  
  128  11:39  Command Center  
  130  11:44  Siege Tank  
  130  11:45  Hellion x5  
  143  11:55  Siege Tank  
  143  11:56  Liberator x2  
  152  12:06  Hellion x2  
  156  12:16  SCV  
  156  12:17  SCV x2, Hellion, Siege Tank x2  
  156  12:18  Hellion  
  163  12:27  Hellion  
  161  12:39  Command Center  
  133  12:57  Orbital Command  
  133  12:58  Orbital Command  
  128  13:02  Hellion, Siege Tank  
  128  13:03  Hellion x4, Siege Tank  
  137  13:11  SCV x2  
  137  13:24  Hellion  
  137  13:25  Siege Tank  
  125  13:53  Siege Tank  
  125  13:54  Hellion x2  
  132  14:15  Siege Tank  
  135  14:25  Siege Tank  
  135  14:30  SCV  
  103  14:49  Siege Tank x2  
  88  14:55  SCV x2  
  88  14:56  SCV x2  
  88  14:57  Siege Tank  
  86  15:08  Hellion x2  
  86  15:09  Hellion  
  92  15:16  Barracks  
  92  15:21  Siege Tank  
  95  15:24  Hellion, Siege Tank  
  100  15:29  Hellion x2  
  100  15:35  Engineering Bay  
  104  15:37  Refinery  
  104  15:38  Refinery, Hellion x2, Liberator x2  
  114  15:49  SCV  
  115  15:53  Hellion  
  119  15:57  Hellion  
  121  16:04  Hellion  
  121  16:05  Refinery  
  121  16:06  Thor x2  
  121  16:07  Hellbat  
  129  16:18  Planetary Fortress  
  129  16:23  Missile Turret  
  129  16:24  Hellion x3  
  135  16:33  Liberator  
  135  16:37  SCV x3  
  135  16:39  SCV  
  142  16:43  Refinery  
  142  16:45  Refinery  
  140  16:49  SCV x2  
  142  17:00  Hellion  
  142  17:01  Hellion, Thor  
  142  17:05  Hellion x4  
  142  17:08  SCV x2  
  156  17:19  Sensor Tower  
  156  17:21  Liberator  
  156  17:22  Hellion x2  
  163  17:25  Refinery  
  163  17:26  Hellion  
  163  17:27  SCV  
  163  17:28  SCV x3  
  163  17:29  Planetary Fortress  
  169  17:38  Siege Tank  
  169  17:39  Hellion x2  
  176  17:48  Liberator  
  175  18:20  Liberator, Battlecruiser  
  156  18:34  Siege Tank  
  156  18:35  Hellion x4, Siege Tank x2  
  165  18:56  Hellion x2  
  169  19:07  Siege Tank x2  
  169  19:12  Hellion  
  169  19:13  Hellion x2  
  167  19:18  Hellion x2  
  169  19:34  Hellion x3  
  151  19:39  Hellion x4  
  162  19:55  Hellion  
Tags
 
Add a new tag
Caveats
  • Supply blocks, unpowered buildings, or Contaminate may cause inaccurate times.
  • Supply counts are checked every 10 seconds.